AoeStats
← Snobyman

Black Forest

509237319Analyzed
4v4 RM · 7d ago on Sep 26, 2026· 44m 42s· 8 players
Game mode
Random Map
Map size
Large (8 player)
Population
200
Speed
Normal
Resources
Standard
Victory
Conquest
Starting age
Dark Age
Ending age
Imperial Age
RankedLock teamsTeams togetherTeam positionsShared explorationLock speedFull tech treeHidden civsTurbo modeCheats
Victory
Defeat
🇺🇸 Saxons · United States
791
+7
🇧🇷 Britons · Brazil
786
+7
🇩🇪 Khmer · Germany
781
+9
🇵🇪 Aztecs · Peru
770
+8
🇨🇦 Japanese · Canada
708
-11
🇳🇿 Burgundians · New Zealand
586
-8
🇨🇦 Byzantines · Canada
559
-7
🇦🇺 Khmer · Australia
461
-5
DK3175
0:28 Loom
16:57 Feudal Age
22:52 Castle Age
21:46 Double-Bit Axe
25:38 Horse Collar
26:58 Heavy Plow
29:46 Wheelbarrow
29:26 Forging
29:24 Scale Barding Armor
31:37 Iron Casting
32:48 Hand Cart
32:56 Chain Barding Armor
33:39 Bow Saw
36:37 Imperial Age
34:37 Burgundian Vineyards
36:17 Man-at-Arms
37:05 Scale Mail Armor
37:45 Conscription
39:06 Blast Furnace
38:43 Plate Barding Armor
38:32 Elite Coustillier
39:20 Long Swordsman
nacerus
7:05 Loom
14:07 Feudal Age
22:52 Castle Age
20:51 Gold Mining
20:54 Stone Mining
21:07 Double-Bit Axe
21:54 Horse Collar
24:27 Gold Shaft Mining
24:38 Wheelbarrow
26:33 Town Watch
27:06 Bow Saw
27:03 Heavy Plow
31:56 Fortified Wall
36:40 Imperial Age
34:32 Hand Cart
36:47 Town Patrol
38:32 Chemistry
Snobyman
0:48 Loom
21:35 Feudal Age
25:09 Castle Age
23:07 Gold Mining
23:21 Double-Bit Axe
23:35 Horse Collar
25:41 Wheelbarrow
25:06 Stone Mining
27:03 Gold Shaft Mining
27:10 Stone Shaft Mining
26:44 Heavy Plow
28:23 Hand Cart
32:09 Bow Saw
34:55 Imperial Age
33:49 Tusk Swords
34:16 Scale Barding Armor
35:19 Ballistics
35:11 Masonry
36:33 Double Crossbow
chatonbrutal
0:29 Loom
The Venerable Bede
8:28 Loom
10:14 Feudal Age
12:22 Man-at-Arms
13:54 Forging
15:57 Arson
16:44 Horse Collar
16:52 Double-Bit Axe
22:26 Castle Age
24:17 Heavy Plow
25:09 Bow Saw
26:21 Caravan
28:35 Wheelbarrow
31:02 Hand Cart
30:39 Town Watch
32:10 Gambesons
32:26 Squires
32:23 Gambesons
37:33 Imperial Age
34:29 Clerical Recruitment
36:06 Redemption
37:36 Sanctity
38:58 Long Swordsman
39:01 Elite Varangian Guard
40:15 Conscription
39:16 Shield Wall
40:31 Block Printing
julian_venom
0:32 Loom
18:44 Feudal Age
20:18 Wheelbarrow
19:59 Double-Bit Axe
19:56 Horse Collar
20:11 Town Watch
26:07 Castle Age
24:07 Stone Mining
27:23 Hand Cart
27:33 Bow Saw
27:51 Heavy Plow
28:49 Town Patrol
29:49 Caravan
35:41 Husbandry
35:52 Bloodlines
38:53 Tusk Swords
41:32 Imperial Age
39:53 Scale Barding Armor
42:15 Ballistics
43:19 Double Crossbow
43:41 Conscription
43:48 Chain Barding Armor
Felix
12:04 Feudal Age
13:21 Wheelbarrow
12:35 Double-Bit Axe
21:47 Gold Mining
21:50 Stone Mining
25:18 Castle Age
23:05 Horse Collar
23:40 Forging
23:50 Scale Mail Armor
26:39 Hand Cart
26:21 Eagle Warrior
27:10 Heavy Plow
28:29 Bow Saw
31:59 Caravan
32:26 Fortified Wall
40:39 Iron Casting
40:20 Chain Mail Armor
43:06 Imperial Age
dangoca
0:42 Loom
14:01 Feudal Age
21:21 Castle Age
19:18 Horse Collar
22:17 Double-Bit Axe
29:28 Heavy Plow
35:01 Imperial Age
32:17 Pikeman
35:18 Cavalier
35:58 Husbandry
39:32 Halberdier
39:58 Arson
40:14 Squires
40:09 Gold Mining
40:09 Stone Mining
Connection lost

Rejoining the realm…

Still unreachable

The connection could not be restored.

Session expired

The server has moved on; the page needs a fresh start.